 Dungeon Crawl Stone Soup version 0.20-a0-313-g10ed074 (webtiles) character file.

807 Junicave the Digger (level 7, 0/35 HPs)
             Began as a Gargoyle Earth Elementalist on Dec 20, 2016.
             Was an Initiate of Vehumet.
             Slain by an iguana (3 damage)
             ... on level 5 of the Dungeon.
             The game lasted 00:21:07 (5818 turns).

Junicave the Digger (Gargoyle Earth Elementalist)   Turns: 5818, Time: 00:21:08

Health: 0/35       AC: 16    Str: 11    XL:     7   Next: 92%
Magic:  2/14       EV: 12    Int: 18    God:    Vehumet [......]
Gold:   187        SH:  0    Dex: 10    Spells: 5/15 levels left

rFire  + . .     SeeInvis .     a - +2 mace (drain)
rCold  + . .     Gourm    .     m - +0 leather armour
rNeg   + . .     Faith    .     (no shield)
rPois  ∞         Spirit   .     (no helmet)
rElec  +         Reflect  .     (no cloak)
rCorr  .         Harm     .     t - +2 pair of gloves
MR     .....                    w - +0 pair of boots
Stlth  ++........               (no amulet)
                                j - ring of protection from fire
                                i - +4 ring of protection

@: very slightly contaminated
A: cold resistance 1, frail 1, negative energy resistance 1, electricity
resistance, unbreathing, petrification resistance, no device heal 1, rot
immunity, AC +4
a: Renounce Religion


You were on level 5 of the Dungeon.
You worshipped Vehumet.
Vehumet was noncommittal.
You were not hungry.

You visited 1 branch of the dungeon, and saw 5 of its levels.

You collected 187 gold pieces.

Inventory:

Hand Weapons
 a - a +2 mace of draining (weapon)
Missiles
 b - 198 stones (quivered)
Armour
 c - a +0 robe
 m - a +0 leather armour (worn)
 t - a +2 pair of gloves (worn)
 w - a +0 pair of boots (worn)
Jewellery
 i - a +4 ring of protection (left hand)
 j - a ring of protection from fire (right hand)
Wands
 o - a wand of slowing (5/48)
Scrolls
 f - 5 scrolls of remove curse {unknown}
 g - a scroll of immolation {unknown}
 h - a scroll of teleportation {unknown}
 n - 2 scrolls of identify {unknown}
 r - a scroll of recharging {unknown}
 s - a scroll of amnesia {unknown}
Potions
 q - a potion of curing
Books
 e - a book of Geomancy

   Spells                             Type                      Level
   a - Sandblast                      Earth                        1
   b - Passwall                       Transmutation/Earth          2
   c - Stone Arrow                    Conjuration/Earth            3
   d - Petrify                        Transmutation/Earth          4
   e - Lee's Rapid Deconstruction     Earth                        5
 u - Vehumet's Reference Book on Conjuration
   (You found it on level 5 of the Dungeon)

   Spells                             Type                      Level
   a - Magic Dart                     Conjuration                  1
Comestibles
 d - 5 bread rations
 k - a royal jelly
 l - a beef jerky
 p - a meat ration


   Skills:
 + Level 1.6 Fighting
 + Level 2.9 Maces & Flails
 + Level 3.2 Armour
 + Level 2.1 Dodging
 - Level 2.1 Stealth
 * Level 4.8 Spellcasting
 + Level 3.5 Conjurations
   Level 0.7 Transmutations
 + Level 5.0 Earth Magic


You had 5 spell levels left.
You knew the following spells:

 Your Spells              Type           Power        Failure   Level  Hunger
a - Sandblast             Erth           ###...       2%          1    None
b - Stone Arrow           Conj/Erth      ###...       10%         3    ###....
c - Lee's Rapid Deconstr  Erth           ###.......   69%         5    ######.
d - Magic Dart            Conj           ###.         4%          1    None


Dungeon Overview and Level Annotations

Branches:
Dungeon (5/15)
 Temple: D:4-7

Altars:
Dithmenos
Kikubaaqudgha
Nemelex Xobeh
Sif Muna
Vehumet
Xom


Innate Abilities, Weirdness & Mutations

You are resistant to torment.
Your stone body is resilient. (AC +4)
You are immune to poison.
You resist negative energy. (rN+)
You are resistant to electric shocks. (rElec)
You can survive without breathing.
You are immune to petrification.
You are immune to rotting.
Your flesh is cold resistant. (rC+)
You are frail. (-10% HP)
Potions and wands are less effective at restoring your health.


Message History

The crimson imp is heavily wounded.
The crimson imp barely misses you.
Casting: Stone Arrow
Confirm with . or Enter, or press ? or * to list all spells.
Aiming: Stone Arrow
Press: ? - help, Shift-Dir - straight line, f/p - crimson imp
Aim: a crimson imp (heavily wounded)
You miscast Stone Arrow.
You are very lightly contaminated with residual magic.
Your skin glows momentarily.
The crimson imp hits you but does no damage.
Casting: Stone Arrow
Confirm with . or Enter, or press ? or * to list all spells.
You don't have enough magic to cast that spell.
Unknown command.
The iguana bites you.
* * * LOW HITPOINT WARNING * * *
The crimson imp blinks!
The iguana bites you.
You die...

..# #l##..#...# #.# #.# #.#
##'###.##8#####.# ####.#
#.###..#8.))###.....# #....#
#.##(..##.).8#.###..# #.#..#
#.#....##._.##.# #.># #....##
#........#####.###.#########....#
...........'....(................
##.........####...##########....#
##.......## #.l@..# #.#.##
##.....## #.....## #.### ##...##
#......# #..# ##+## #......# ##.#
#......# #.# ######.# #.# #.# #.#
#.# #.# #.# #.#


You could see an iguana.

Vanquished Creatures
  A sky beast (D:3)
  An ogre (D:4)
  A centaur (D:5)
  A big kobold (D:4)
  3 orc priests
  3 orc wizards
  A hound zombie (D:5)
  3 gnolls
  9 adders
  2 worms (D:2)
  4 dart slugs
  2 leopard geckos
  33 orcs
  6 bats
  4 giant cockroaches
  8 goblins
  9 hobgoblins
  10 jackals
  9 kobolds
  5 quokkas
  4 frilled lizards
  A leopard gecko skeleton (D:4)
  6 rats
  A plant (D:1)
127 creatures vanquished.

Vanquished Creatures (others)
  An orc wizard (D:4)
  2 plants (D:2)
3 creatures vanquished.

Grand Total: 130 creatures vanquished

Notes
Turn   | Place    | Note
-------+----------+-------------------------------------------
     0 | D:1      | Junicave the Gargoyle Earth Elementalist began the quest for the Orb.
     0 | D:1      | Reached XP level 1. HP: 10/10 MP: 3/3
   326 | D:1      | Reached XP level 2. HP: 4/15 MP: 0/5
  1368 | D:1      | Reached skill level 4 in Earth Magic
  1673 | D:1      | Reached XP level 3. HP: 18/19 MP: 1/7
  2370 | D:2      | Learned a level 3 spell: Stone Arrow
  2385 | D:2      | Reached skill level 1 in Maces & Flails
  2568 | D:2      | Found a shimmering altar of Xom.
  2689 | D:2      | Reached XP level 4. HP: 24/24 MP: 8/8
  2834 | D:2      | Reached skill level 1 in Conjurations
  2904 | D:2      | Reached skill level 1 in Armour
  3022 | D:2      | Reached XP level 5. HP: 25/28 MP: 9/9
  3638 | D:3      | Noticed a sky beast
  3647 | D:3      | Found a shadowy altar of Dithmenos.
  3674 | D:3      | Killed a sky beast
  3674 | D:3      | Reached XP level 6. HP: 20/32 MP: 5/11
  3882 | D:3      | Gained mutation: Potions and wands are less effective at restoring your health. [mutagenic meat]
  3884 | D:3      | Gained mutation: You are frail. (-10% HP) [mutagenic meat]
  3885 | D:3      | Gained mutation: Your flesh is cold resistant. (rC+) [mutagenic meat]
  4717 | D:3      | Reached XP level 7. HP: 32/32 MP: 6/13
  5048 | D:4      | Learned a level 5 spell: Lee's Rapid Deconstruction
  5160 | D:4      | Found a sparkling altar of Nemelex Xobeh.
  5172 | D:4      | Reached skill level 1 in Fighting
  5431 | D:5      | Entered Level 5 of the Dungeon
  5517 | D:5      | Found a radiant altar of Vehumet.
  5530 | D:5      | Identified Vehumet's Reference Book on Conjuration
  5535 | D:5      | Became a worshipper of Vehumet
  5545 | D:5      | Found an ancient bone altar of Kikubaaqudgha.
  5669 | D:5      | Learned a level 1 spell: Magic Dart
  5669 | D:5      | Found a deep blue altar of Sif Muna.
  5766 | D:5      | HP: 1/34 [centaur/arrow (4)]
  5774 | D:5      | Reached skill level 5 in Earth Magic
  5818 | D:5      | Slain by an iguana

Vault maps used:
D:1:      dpeg_arrival_arbitrary_c, serial_forest, infiniplex_forest_clump_C,
          infiniplex_forest_clump_long, infiniplex_forest_clump_tiny,
          infiniplex_forest_end_3, infiniplex_forest_end_3, roderic_malta_cross,
          hangedman_feature_mirror
D:2:      wad_woods_stonehenge
D:3:      old_standard_altar, first_bread
D:4:      lemuel_crystal_altar, serial_bayou_pond_d
D:5:      grunt_temple_overflow_magic_moments, hangedman_decor_lopped,
          minmay_misc_feat_rugged, kennysheep_okawaru_gauntlet

Skill      XL: |  1  2  3  4  5  6  7 |
---------------+----------------------+-----
Earth Magic    | 4 5 |  5.0
Maces & Flails | 1 2 |  2.9
Spellcasting   | 3 4 |  4.8
Conjurations   | 1 2 3 |  3.5
Armour         | 1 2 3 |  3.2
Fighting       | 1 |  1.6
Dodging        | 2 |  2.1
Stealth        | |  2.1
Transmutations | |  0.7

Action                   |  1- 3 |  4- 6 |  7- 9 || total
-------------------------+-------+-------+-------++-------
Melee: Unarmed           |   505 |       |       ||   505
       Whip              |    58 |       |       ||    58
       Spear             |    17 |   204 |       ||   221
       Mace              |       |    41 |    61 ||   102
 Cast: Sandblast         |    48 |     4 |     3 ||    55
       Stone Arrow       |       |     9 |    13 ||    22
       Magic Dart        |       |       |     6 ||     6
  Use: Potion            |       |     3 |       ||     3
 Stab: Sleeping          |       |     2 |       ||     2
  Eat: Bread ration      |     1 |       |       ||     1
       Chunk             |     3 |    12 |     4 ||    19
Armor: Robe              |    46 |     4 |       ||    50
       Leather armour    |       |   105 |    36 ||   141
Dodge: Dodged            |    88 |   141 |    48 ||   277
